 Dungeon Crawl Stone Soup version 0.21.1-1-g345015f (webtiles) character file.

1112 shakethe the Carver (level 8, -3/67 HPs)
             Began as a Barachi Gladiator on Feb 24, 2018.
             Slain by a troll (7 damage)
             ... on level 5 of the Dungeon.
             The game lasted 00:10:39 (6059 turns).

shakethe the Carver (Barachi Gladiator)             Turns: 6059, Time: 00:10:40

Health: -3/67      AC:  6    Str: 16    XL:     8   Next: 33%
Magic:  0/8        EV: 13    Int: 11    God:
Gold:   213        SH:  0    Dex: 13    Spells: 7/7 levels left

rFire    + . .     SeeInvis .   a - +0 long sword
rCold    x . .     Gourm    .   (no shield)
rNeg     . . .     Faith    .   r - +0 leather armour
rPois    .         Spirit   +   c - +1 helmet
rElec    .         Reflect  .   (no cloak)
rCorr    .         Harm     .   v - +0 pair of gloves
MR       .....                  (no boots)
Stlth    +.........             k - amulet of guardian spirit {Spirit}
HPRegen  0.21/turn              u - ring of fire {rF+, rC-}
MPRegen  0.11/turn              (no ring)

@: slow
A: +LOS, swims, slowness 1, strong legs 1
a: Hop


You were on level 5 of the Dungeon.
You were hungry.

You visited 1 branch of the dungeon, and saw 6 of its levels.

You collected 213 gold pieces.

Inventory:

Hand Weapons
 a - a +0 long sword (weapon)
 b - a -1 hunting sling
   (You took it off a goblin on level 2 of the Dungeon)
Missiles
 d - 3 throwing nets {=f, !d}
 e - 261 stones (quivered)
Armour
 c - a +1 helmet (worn)
 r - a +0 leather armour (worn)
 v - a +0 pair of gloves (worn)
   (You found it on level 4 of the Dungeon)
Jewellery
 k - an amulet of guardian spirit (around neck) {Spirit}
   (You found it on level 5 of the Dungeon)
 u - a ring of fire (left hand) {rF+, rC-}
   (You found it on level 4 of the Dungeon)
Wands
 A - a wand of enslavement (11)
   (You found it on level 4 of the Dungeon)
Scrolls
 g - 3 scrolls of identify
 i - a scroll of remove curse
 n - a scroll of blinking {!r}
 q - a scroll of fear {unknown}
 s - a scroll of magic mapping {!r}
 y - 2 scrolls of teleportation {unknown}
Potions
 j - a potion of lignification {!q}
 l - a potion of degeneration {!q}
 m - 2 potions of ambrosia {unknown}
 p - a potion of flight
 t - a potion of experience {unknown}
 w - a potion of cancellation {unknown}
 z - a potion of mutation {unknown}
Books
 h - a book of Callings
   (You found it on level 4 of the Dungeon)
 x - a book of Flames
   (You found it on level 4 of the Dungeon)
Comestibles
 f - 12 rations


   Skills:
 + Level 7.0 Fighting
 * Level 10.0 Long Blades
 - Level 2.0 Throwing
 - Level 3.2 Dodging


You had 7 spell levels left.
You didn't know any spells.

Dungeon Overview and Level Annotations

Branches:
Dungeon (6/15)
 Temple: D:4-7

Altars:
Dithmenos
Fedhas
Ru
Sif Muna
Trog
Vehumet


Innate Abilities, Weirdness & Mutations

Shadows flee at your approach. (+LOS)
You can swim through water.
You cover ground slowly.
You can hop short distances.


Message History

You feel more attuned to fire.
u - a ring of fire (left hand)
You see here 8 arrows.
Found a stone staircase leading up.
You regained 2 hp, and now have 60/65 hp.
No target in view!
There is a stone staircase leading up here.
You are feeling hungry.
No target in view!
No target in view!
No target in view!
No target in view!
No target in view!
No target in view!
You start resting.
Health restored: 65; MP restored: 8
e - 233 stones (gained 16)
f - 12 rations (gained 1)
A worker ant comes into view.
The worker ant twitches its antennae in your direction.
You completely miss the worker ant. The worker ant bites you.
You take 1 damage, and have 64/65 hp.
You closely miss the worker ant. The worker ant misses you.
Health restored: 65 You hit the worker ant.
The worker ant bites you.
You take 3 damage, and have 62/65 hp.
You hit the worker ant. The worker ant barely misses you.
You riposte.
You slash the worker ant!
You kill the worker ant!
Your Fighting skill increases to level 7!
You regained 2 hp, and now have 64/67 hp.
No target in view!
No target in view!
No target in view!
No target in view!
No target in view!
No target in view!
No target in view!
No target in view!
No target in view!
No target in view!
No target in view!
e - 261 stones (gained 28)
A giant cockroach comes into view.
You see here a blackened tourmaline ring.
Health restored: 67 A troll comes into view.
The troll closely misses you.
You riposte.
You slash the troll! The troll claws you but does no damage.
The troll claws you!
You take 7 damage, and have 60/67 hp.
You now have 7/8 mp.
You barely miss the troll. The troll barely misses you. The troll claws you!
The troll claws you but does no damage.
The giant cockroach bites you but does no damage.
You take 8 damage, and have 52/67 hp.
You now have 6/8 mp.
You hit the troll. The troll bites you but does no damage. The troll claws you!
The troll claws you. The giant cockroach closely misses you.
You riposte.
You closely miss the giant cockroach.
You take 13 damage, and have 39/67 hp.
You now have 5/8 mp.
You are too injured to fight recklessly!
You are too injured to fight recklessly!
You are too injured to fight recklessly!
You are too injured to fight recklessly!
You are too injured to fight recklessly!
You are too injured to fight recklessly!
You are too injured to fight recklessly!
You are too injured to fight recklessly!
You are too injured to fight recklessly!
You are too injured to fight recklessly!
You are too injured to fight recklessly!
You are too injured to fight recklessly!
You are too injured to fight recklessly!
You are too injured to fight recklessly!
You are too injured to fight recklessly!
You are too injured to fight recklessly!
Unknown command.
You see here a mace.
You hit the troll. The troll bites you. The troll claws you but does no damage.
The troll claws you.
You take 7 damage, and have 33/67 hp.
You closely miss the troll. The troll barely misses you. The troll claws you.
The troll closely misses you.
You take 4 damage, and have 29/67 hp.
You now have 4/8 mp.
Okay, then.
You hit the troll. The giant cockroach closely misses you.
You hit the troll. The giant cockroach closely misses you.
The troll barely misses you. The troll closely misses you. The troll claws you.
You take 1 damage, and have 28/67 hp.
You slash the troll!
The giant cockroach completely misses you.
You riposte.
You closely miss the giant cockroach. The troll bites you. The troll claws you!
* * * LOW HITPOINT WARNING * * *
The troll misses you.
You take 10 damage, and have 18/67 hp.
You now have 2/8 mp.
You closely miss the troll. The giant cockroach barely misses you.
The troll bites you!
* * * LOW HITPOINT WARNING * * *
The troll claws you!
You die...

####..<...........
#....####...#.#
#....# #.. #.#
#....# ...#.#
###### #.#.# ...
#...# .. # #.##
####.# # #Ts##
).... # #@=.#
##.#.. # #.#.##
#..#.###### #
#.#..###.##.#.....
#
#.##..##....#.####
# ..###.........#
# .=###.....#####
# ##.$......### #
. #.........# # .#
#....####.#


You could see a troll and a giant cockroach.

Vanquished Creatures
  The ghost of garbagetei the Covered, a novice GrFi (D:4)
  A water moccasin (D:6)
  A sky beast (D:5)
  An ogre (D:4)
  A gnoll sergeant (D:5)
  A scorpion (D:4)
  2 crimson imps (D:6)
  An orc priest (D:6)
  2 bullfrog skeletons
  An iguana (D:5)
  3 worker ants
  4 gnolls
  6 adders
  2 adder skeletons (D:4)
  4 worms
  5 dart slugs
  2 leopard geckos
  9 orcs
  6 giant cockroaches
  7 goblins
  9 hobgoblins
  12 jackals
  4 quokkas
  A ball python (D:1)
  9 bats
  2 frilled lizards
  4 kobolds
  7 rats
108 creatures vanquished.

Notes
Turn   | Place    | Note
-------+----------+-------------------------------------------
     0 | D:1      | shakethe the Barachi Gladiator began the quest for the Orb.
     0 | D:1      | Reached XP level 1. HP: 17/17 MP: 1/1
    87 | D:1      | Reached skill level 4 in Long Blades
   137 | D:1      | Reached XP level 2. HP: 23/23 MP: 2/2
   426 | D:1      | Reached skill level 3 in Fighting
   673 | D:1      | Reached XP level 3. HP: 29/29 MP: 3/3
  1027 | D:2      | Found a radiant altar of Vehumet.
  1143 | D:2      | Reached skill level 5 in Long Blades
  1192 | D:2      | Found a deep blue altar of Sif Muna.
  1241 | D:2      | Reached XP level 4. HP: 19/35 MP: 4/4
  1621 | D:2      | Found a blossoming altar of Fedhas.
  1923 | D:2      | Found a bloodstained altar of Trog.
  2233 | D:3      | HP: 9/37 [poisoned by an adder]
  2249 | D:3      | HP: 9/37 [jackal (1)]
  2529 | D:3      | Reached skill level 4 in Fighting
  2529 | D:3      | Reached XP level 5. HP: 20/42 MP: 5/5
  2539 | D:3      | HP: 10/42 [poisoned by a worker ant]
  2545 | D:3      | HP: 8/42 [poisoned by a worker ant]
  2551 | D:3      | HP: 6/42 [poisoned by a worker ant]
  2559 | D:3      | HP: 5/42 [poisoned by a worker ant]
  2826 | D:3      | Reached skill level 6 in Long Blades
  3410 | D:4      | Noticed garbagetei's ghost (novice GrFi)
  4130 | D:4      | Noticed an ogre
  4141 | D:4      | Killed an ogre
  4141 | D:4      | Reached skill level 7 in Long Blades
  4141 | D:4      | Reached XP level 6. HP: 49/49 MP: 6/6
  4207 | D:4      | HP: 6/50 [garbagetei's ghost (7)]
  4215 | D:4      | Killed garbagetei's ghost
  4215 | D:4      | Reached skill level 5 in Fighting
  4215 | D:4      | Reached skill level 8 in Long Blades
  4215 | D:4      | Reached XP level 7. HP: 14/56 MP: 7/7
  4249 | D:4      | Found a shadowy altar of Dithmenos.
  4455 | D:4      | Found a sacrificial altar of Ru.
  4928 | D:5      | Entered Level 5 of the Dungeon
  5114 | D:6      | HP: 13/57 [crimson imp (3)]
  5127 | D:6      | HP: 13/57 [crimson imp (1)]
  5135 | D:6      | HP: 8/57 [orc/club (2)]
  5138 | D:6      | HP: 3/57 [orc/club (4)]
  5143 | D:6      | HP: 3/57 [crimson imp (1)]
  5144 | D:6      | Reached skill level 6 in Fighting
  5153 | D:6      | HP: 5/87 [crimson imp (2)]
  5158 | D:6      | Reached skill level 9 in Long Blades
  5162 | D:6      | HP: 6/87 [crimson imp (1)]
  5180 | D:6      | HP: 8/87 [crimson imp (2)]
  5183 | D:6      | Reached XP level 8. HP: 10/65 MP: 8/8
  5900 | D:5      | Reached skill level 10 in Long Blades
  6026 | D:5      | Reached skill level 7 in Fighting
  6048 | D:5      | Noticed a troll
  6059 | D:5      | HP: 4/67 [troll (14)]
  6059 | D:5      | Slain by a troll

Skill      XL: |  1  2  3  4  5  6  7  8 |
---------------+-------------------------+-----
Long Blades    | 4 5 7 8 9 10 | 10.0
Fighting       | 3 4 5 6 7 |  7.0
Throwing       | |  2.0
Dodging        | |  3.2

Action                   |  1- 3 |  4- 6 |  7- 9 || total
-------------------------+-------+-------+-------++-------
Melee: Long sword        |    96 |   173 |   141 ||   410
 Fire: Hunting sling     |       |    53 |       ||    53
Throw: Stone             |       |    56 |     8 ||    64
  Use: Scroll            |       |     6 |       ||     6
       Potion            |       |     2 |     5 ||     7
 Stab: Sleeping          |     1 |     1 |       ||     2
  Eat: Chunk             |     1 |     8 |     2 ||    11
       Ration            |       |     1 |     1 ||     2
Armor: Leather armour    |    37 |    54 |    33 ||   124
       Skin              |       |       |    33 ||    33
Dodge: Dodged            |    69 |   134 |   104 ||   307
       Rpst.: Long sword |    20 |    50 |    30 ||   100

Vault maps used:
D:1:      dpeg_arrival_rooms_c, roderic_roman_lattice, grunt_decor_fettered
D:2:      fedhas_altar_fruit_tree, vehumet_crystals,
          lemuel_coloured_pillars_altar, led_sif_pool
D:3:      first_ration
D:4:      nicolae_ru_awakened_eye, kennysheep_mini_moat
D:5:      tso_oasis_becter
D:6:      nemelex_xobeh_ov_fountains_minmay, elyvilon_altar_4

Table legend:
 A = Turns spent in this place as a percentage of turns spent in the entire game.
 B = Non-inter-level travel turns spent in this place as a percentage of non-inter-level travel turns spent in the entire game.
 C = Inter-level travel turns spent in this place as a percentage of turns spent in this place.
 D = Turns resting spent in this place as a percentage of non-inter-level travel turns spent in this place.
 E = Turns spent auto-exploring this place as a percentage of non-inter-level travel turns spent in this place.
 F = Non-inter-level travel turns spent in this place divided by the number of levels of this place that you've seen.
                   A       B       C       D       E      F
               +-------+-------+-------+-------+-------+----------------------
         Total | 100.0 | 100.0 |   2.4 |  35.8 |  45.3 | 985.7
       Dungeon | 100.0 | 100.0 |   2.4 |  35.8 |  45.3 | 985.7
               +-------+-------+-------+-------+-------+----------------------

Table legend:
 A = Kills in this place as a percentage of kills in entire the game.
 B = Kills by you in this place as a percentage of kills by you in the entire game.
 C = Kills by friends in this place as a percentage of kills by friends in the entire game.
 D = Other kills in this place as a percentage of other kills in the entire game.
 E = Experience gained in this place as a percentage of experience gained in the entire game.
 F = Experience gained in this place divided by the number of levels of this place that you have seen.
                   A       B       C       D       E      F
               +-------+-------+-------+-------+-------+----------------------
         Total | 100.0 | 100.0 |   N/A |   N/A | 100.0 | 264.8
       Dungeon | 100.0 | 100.0 |   N/A |   N/A | 100.0 | 264.8
               +-------+-------+-------+-------+-------+----------------------
